Map: Orbital Shipyard

Players

llllllllllll - Winner!

  • Race: Terran Terran
  • League: Master

Limper (Voltz)

  • Race: Zerg Zerg
  • League: Master

VOD

Have the link to the VOD?

Description

Time

  • Played on: Nov. 13, 2015, 1:55 a.m.
  • Length: 8:30
Show
View Real Time Build Order
Export as new Build Order

llllllllllll Terran - Winner!

Build Orders: Command Center First (CC), MMM Bio 

Get SALT Encoding   

  12  0:00  SCV  
  13  0:13  SCV  
  14  0:17  Supply Depot  
  14  0:25  SCV  
  15  0:39  SCV  
  16  0:51  SCV  
  17  0:59  Command Center  
  17  1:03  SCV  
  18  1:07  Refinery  
  18  1:15  SCV  
  19  1:21  Barracks  
  19  1:27  SCV  
  21  1:40  SCV  
  21  1:52  SCV  
  22  2:08  Marine, Orbital Command  
  22  2:11  Factory  
  22  2:12  Orbital Command  
  23  2:29  Barracks Reactor  
  23  2:33  Command Center  
  23  2:36  SCV  
  24  2:38  SCV  
  25  2:48  SCV  
  25  2:50  SCV  
  27  2:55  Supply Depot  
  27  3:00  SCV  
  27  3:02  SCV  
  29  3:09  Hellion x2  
  33  3:12  SCV, Barracks Tech Lab  
  33  3:15  SCV  
  35  3:21  Barracks  
  35  3:22  Barracks  
  35  3:25  SCV  
  35  3:27  SCV  
  37  3:29  Widow Mine x2  
  37  3:32  Marine  
  42  3:34  Stimpack  
  42  3:37  SCV  
  42  3:39  SCV  
  44  3:45  Orbital Command  
  44  3:49  SCV  
  44  3:50  Refinery  
  44  3:51  SCV, Refinery  
  44  3:52  Refinery  
  44  3:54  Marine  
  47  4:01  SCV  
  48  4:03  SCV  
  48  4:07  Engineering Bay  
  48  4:08  Engineering Bay  
  50  4:11  Barracks Reactor  
  50  4:12  SCV  
  50  4:13  SCV  
  50  4:15  SCV  
  50  4:17  Marine  
  52  4:19  Factory Reactor  
  53  4:24  Supply Depot, SCV  
  53  4:25  SCV  
  53  4:27  SCV, Marine  
  53  4:28  Marine  
  58  4:33  Barracks  
  58  4:34  Marine  
  58  4:35  Barracks  
  59  4:40  SCV x2  
  59  4:45  Supply Depot, SCV  
  61  4:46  Supply Depot  
  61  4:50  Marine  
  61  4:51  Marine x3  
  66  4:53  Terran Infantry Weapons Level 1  
  66  4:54  Orbital Command  
  66  4:56  Terran Infantry Armor Level 1  
  66  5:02  Starport, Marine  
  66  5:06  SCV x2, Factory Reactor  
  69  5:09  Supply Depot, Marine x2  
  69  5:10  Marine  
  69  5:11  Marine  
  73  5:23  SCV  
  73  5:24  SCV x2, Marine  
  73  5:26  Barracks Reactor x2  
  73  5:27  Marine x3  
  80  5:29  Marine  
  80  5:30  Supply Depot  
  80  5:33  Supply Depot  
  81  5:36  Missile Turret  
  81  5:37  Missile Turret  
  81  5:39  Missile Turret  
  81  5:42  Medivac, Marine  
  84  5:45  Marine  
  84  5:49  Medivac  
  89  5:50  Hellion x2  
  89  5:51  Marine x3  
  89  5:57  Armory  
  94  6:02  Marine x3  
  94  6:03  Marine x3  
  97  6:12  Marine  
  97  6:13  Marine x2  
  97  6:14  Medivac  
  97  6:17  Hellion  
  104  6:19  Marine x2, Medivac  
  108  6:25  Supply Depot  
  108  6:27  Supply Depot  
  108  6:30  Marine  
  108  6:31  Supply Depot  
  109  6:33  Combat Shields  
  109  6:47  Hellion x2, Marine x4  
  109  6:48  Marine x5  
  109  6:53  Medivac x2  
  126  7:03  Supply Depot  
  126  7:05  Marine x3  
  126  7:06  Marine  
  126  7:07  Marine x2  
  126  7:08  Marine  
  133  7:24  Supply Depot x2, SCV x3, Marine x2  
  133  7:25  Hellion, Hellbat  
  133  7:27  Marine x7  
  112  7:39  Medivac x2  
  112  7:42  SCV x2, Marine x2  
  115  7:45  Marine x7  
  115  7:46  Hellbat x2  
  112  7:58  Barracks  
  112  8:00  Barracks, Marine x2  
  112  8:02  Marine  
  112  8:03  Marine x6  
  119  8:14  SCV x2  
  119  8:15  SCV  
  119  8:16  Barracks  
Show
View Real Time Build Order
Export as new Build Order

Limper Zerg 

Build Orders: Hatch First, Muta Ling Bane 

Get SALT Encoding   

  12  0:00  Drone  
  13  0:13  Overlord  
  13  0:17  Drone  
  14  0:31  Drone x2  
  14  0:35  Drone  
  17  0:51  Hatchery  
  17  0:54  Drone  
  17  0:57  Drone  
  18  1:08  Extractor  
  17  1:12  Spawning Pool  
  17  1:16  Drone  
  17  1:19  Drone  
  18  1:28  Drone  
  19  1:39  Drone  
  20  1:50  Overlord  
  20  1:59  Queen  
  22  2:03  Zergling x2, Queen  
  22  2:04  Zergling x2  
  26  2:09  Metabolic Boost  
  26  2:11  Drone  
  28  2:15  Drone  
  28  2:22  Drone  
  29  2:26  Drone  
  30  2:32  Overlord  
  30  2:34  Queen  
  30  2:35  Drone  
  33  2:44  Drone  
  33  2:47  Drone  
  35  2:53  Lair  
  35  2:54  Drone  
  36  2:59  Extractor  
  36  3:01  Drone  
  36  3:04  Overlord  
  36  3:06  Drone x2  
  36  3:07  Drone x2  
  36  3:12  Drone x2  
  42  3:17  Queen  
  44  3:23  Extractor  
  44  3:24  Drone  
  44  3:25  Drone  
  44  3:26  Drone  
  46  3:29  Overlord  
  46  3:31  Extractor  
  45  3:35  Drone  
  45  3:39  Drone  
  45  3:41  Drone  
  48  3:44  Drone x4  
  48  3:47  Drone  
  48  3:48  Drone  
  54  3:52  Overlord  
  54  4:00  Spire  
  53  4:04  Drone  
  53  4:14  Zergling x12  
  59  4:21  Drone  
  60  4:24  Overlord  
  60  4:30  Hatchery  
  59  4:33  Queen  
  61  4:39  Overlord  
  61  4:41  Overlord  
  61  4:58  Zergling x4  
  63  5:12  Mutalisk x7  
  77  5:17  Mutalisk x2  
  77  5:20  Overlord  
  77  5:21  Overlord  
  81  5:25  Mutalisk  
  83  5:30  Overlord  
  83  5:34  Mutalisk  
  85  5:42  Evolution Chamber, Drone  
  85  5:43  Evolution Chamber, Drone x2, Baneling Nest  
  85  5:48  Drone x3  
  88  5:51  Zerg Flyer Weapons Level 1  
  88  5:58  Queen  
  88  6:01  Drone x3  
  88  6:03  Drone  
  92  6:05  Drone  
  84  6:11  Zergling x6  
  84  6:16  Zerg Ground Armor Level 1  
  84  6:18  Zerg Melee Weapons Level 1  
  87  6:29  Drone x6, Infestation Pit  
  87  6:32  Drone x2  
  94  6:35  Drone  
  95  6:42  Drone x3  
  98  6:47  Overlord  
  98  6:50  Zergling x4  
  98  6:51  Zergling x4  
  98  6:53  Baneling x3  
  98  6:54  Baneling x3  
  102  6:55  Centrifical Hooks  
  102  7:00  Extractor  
  101  7:01  Extractor  
  101  7:02  Drone  
  101  7:07  Zergling x10  
  101  7:08  Zergling x4  
  109  7:10  Baneling x7  
  109  7:13  Baneling  
  108  7:16  Zergling x6  
  109  7:22  Spine Crawler  
  109  7:24  Spine Crawler  
  109  7:26  Zergling x2  
  109  7:27  Zergling x8  
  109  7:28  Baneling x3  
  109  7:29  Baneling x4  
  86  7:38  Zergling x8  
  78  7:45  Zergling x2  
  78  7:46  Zergling x4  
  78  7:48  Zergling x2  
  78  7:50  Queen x2  
  79  7:51  Zergling x2  
  79  7:52  Zergling x4  
  79  7:58  Zergling x4  
  79  7:59  Zergling x6  
  79  8:02  Zergling x2  
  79  8:04  Baneling  
  79  8:05  Baneling x3  
  79  8:08  Zergling x2  
  79  8:09  Baneling x2  
Tags
 
Add a new tag
Caveats
  • Supply blocks, unpowered buildings, or Contaminate may cause inaccurate times.
  • Supply counts are checked every 10 seconds.